 Dungeon Crawl Stone Soup version 0.24-a0-504-gcfb02b9 (webtiles) character file.

Game seed: 16393444793083891305

484 Espgualade the Chiller (level 7, -4/36 HPs)
             Began as a Tengu Ice Elementalist on July 16, 2019.
             Was a Follower of Vehumet.
             Killed by nerve-wracking pain
             ... invoked by an orc priest
              (12 damage)
             ... on level 4 of the Dungeon.
             The game lasted 00:12:00 (3972 turns).

Espgualade the Chiller (Tengu Ice Elementalist)     Turns: 3972, Time: 00:12:00

Health: -4/36      AC:  3    Str:  8    XL:     7   Next: 12%
Magic:  10/11      EV: 18    Int: 17    God:    Vehumet [*.....]
Gold:   122        SH:  0    Dex: 15    Spells: 0/10 levels left

rFire    . . .     SeeInvis .   e - +1 morningstar (protect)
rCold    . . .     Gourm    .   (no shield)
rNeg     . . .     Faith    .   a - +0 robe
rPois    .         Spirit   .   (helmet restricted)
rElec    .         Reflect  .   (no cloak)
rCorr    +         Harm     .   d - +0 pair of gloves (curse)
MR       .....                  (boots unavailable)
Stlth    ++........             (no amulet)
HPRegen  0.12/turn              k - ring of resist corrosion
MPRegen  0.12/turn              (no ring)

@: flying quickly and evasively, quick
A: beak, talons 3, able to fly
a: Stop Flying, Renounce Religion


You were on level 4 of the Dungeon.
You worshipped Vehumet.
Vehumet was aware of your devotion.
You were not hungry.

You visited 1 branch of the dungeon, and saw 5 of its levels.
You also visited: Sewer.

You collected 122 gold pieces.

Inventory:

Hand Weapons
 b - a +1 vampiric dagger
 e - a +1 morningstar of protection (weapon)
 o - a +2 vampiric halberd
Armour
 a - a +0 robe (worn)
 d - a cursed +0 pair of gloves (worn)
Jewellery
 k - a ring of resist corrosion (left hand)
Scrolls
 g - a scroll of fog
 h - 3 scrolls of enchant weapon
 i - 6 scrolls of remove curse
 n - a scroll of teleportation
 q - a scroll of magic mapping
Potions
 f - 2 potions of flight {unknown}
 j - 2 potions of mutation
 l - a potion of heal wounds
 m - a potion of magic {unknown}
 p - 2 potions of haste
 r - a potion of curing
Comestibles
 c - 7 rations


   Skills:
 - Level 5.0 Dodging
 - Level 2.0 Stealth
 + Level 2.2 Spellcasting
 - Level 4.1 Conjurations
 - Level 5.2 Ice Magic


You couldn't memorise any spells.
You knew the following spells:

 Your Spells              Type           Power        Failure   Level  Hunger
a - Freeze                Ice            ###.         2%          1    #......
b - Throw Frost           Conj/Ice       ###...       4%          2    ###....
c - Ozocubu's Armour      Chrm/Ice       ##......     19%         3    ###....
d - Throw Icicle          Conj/Ice       ###.....     26%         4    #####..

Your spell library contained the following spells:

 Spells                   Type           Power        Failure   Level  Hunger
 Sandblast                Erth           #.....       19%         1    #......
 Summon Ice Beast         Ice/Summ       ##......     54%         4    #####..


Dungeon Overview and Level Annotations

Branches:
Dungeon (5/15)
 Temple: D:4-7

Altars:
Cheibriados
Elyvilon
Gozag
Kikubaaqudgha
Okawaru
Ru
Vehumet
Wu Jian

Annotations:
D:4 Blork the orc, Dowan, Duvessa, Edmund, Grinder, Ijyb
D:5 Prince Ribbit


Innate Abilities, Weirdness & Mutations

You have a beak for a mouth.
You have claws for feet.
You can fly continuously.


Message History

Things that are here:
5 boomerangs; a +0 leather armour; an orc corpse You start resting.
You feel sick. x4
An orc priest comes into view. It is wielding a +0 mace.
An orc priest is nearby!
You feel sick.
You are no longer poisoned.
You start resting.
The orc priest is too close now for your liking.
An orc priest is nearby!
The orc priest shouts!
The orc shouts!
The orc priest invokes the aid of Beogh against you.
Beogh smites you!
* * * LOW HITPOINT WARNING * * *
An orc comes into view. It is wielding a +0 mace.
The orc shouts!
The orc priest mumbles some strange prayers to Beogh against you.
Pain shoots through your body!
You die...

......###?..............#
.......<................#
..>.....##..............##
............###..........#
.............##...†.....##
...?...........o.....#.##
#..............())....# #
##.....#.....o.o##.....#
###...#..#.....@#####....#
##.....##...#....## #...##
.o..#...#.# ##....# #####
o...#.....###....##
#.......###.....#
##....ho.........#
#.....>.........##
##.#...).......##
##..#.......#


You could see an orc priest and 2 orcs.

Vanquished Creatures
  Purgy (Sewer)
  3 hounds (D:4)
  An orc priest (D:4)
  Jessica (D:2)
  An iguana (D:4)
  A worker ant (D:4)
  A howler monkey skeleton (D:4)
  5 adders
  A gnoll (D:1)
  An ooze (D:3)
  3 worms
  2 dart slugs
  8 leopard geckos
  4 orcs (D:4)
  6 giant cockroaches
  8 goblins
  9 hobgoblins
  2 jackals (D:2)
  3 quokkas
  4 ball pythons
  10 bats
  13 frilled lizards
  11 kobolds
  9 rats
108 creatures vanquished.

Notes
Turn   | Place    | Note
-------+----------+-------------------------------------------
     0 | D:1      | Espgualade the Tengu Ice Elementalist began the quest for
                  | the Orb.
     0 | D:1      | Reached XP level 1. HP: 10/10 MP: 4/4
   213 | D:1      | Reached XP level 2. HP: 15/15 MP: 6/6
   725 | D:1      | Reached XP level 3. HP: 16/19 MP: 3/7
  1204 | D:2      | Noticed Jessica
  1578 | D:2      | Reached XP level 4. HP: 20/24 MP: 4/8
  1625 | D:2      | Killed Jessica
  2109 | D:2      | Reached skill level 5 in Ice Magic
  2113 | D:2      | Gained mutation: You can fly continuously. [Tengu growth]
  2113 | D:2      | Reached XP level 5. HP: 23/28 MP: 3/9
  2260 | D:2      | Found an opulent altar of Gozag.
  2298 | D:2      | Found a radiant altar of Vehumet.
  2298 | D:2      | Found a snail-covered altar of Cheibriados.
  2305 | D:2      | Found a sacrificial altar of Ru.
  2305 | D:2      | Found an ancient bone altar of Kikubaaqudgha.
  2308 | D:2      | Found a white marble altar of Elyvilon.
  2310 | D:2      | Found an ornate altar of the Wu Jian Council.
  2322 | D:2      | Became a worshipper of Vehumet
  2422 | D:2      | Learned a level 2 spell: Throw Frost
  2426 | D:2      | Learned a level 3 spell: Ozocubu's Armour
  3022 | D:4      | Reached * piety under Vehumet
  3022 | D:4      | Offered knowledge of Sandblast by Vehumet.
  3023 | D:4      | Noticed Duvessa
  3023 | D:4      | Noticed Dowan
  3074 | D:4      | Noticed Ijyb
  3074 | D:4      | Noticed Edmund
  3255 | D:4      | Noticed Blork the orc
  3289 | D:4      | Found a glowing drain.
  3312 | Sewer    | Entered a sewer
  3376 | Sewer    | Reached XP level 6. HP: 31/32 MP: 6/10
  3456 | Sewer    | Noticed Purgy
  3478 | Sewer    | Killed Purgy
  3478 | Sewer    | Reached skill level 5 in Dodging
  3623 | D:4      | Noticed Grinder
  3626 | D:4      | Found an iron altar of Okawaru.
  3633 | D:5      | Entered Level 5 of the Dungeon
  3639 | D:5      | Noticed Prince Ribbit
  3639 | D:5      | Noticed an ice beast
  3908 | D:4      | Reached XP level 7. HP: 32/36 MP: 9/11
  3916 | D:4      | Learned a level 4 spell: Throw Icicle
  3972 | D:4      | Killed from afar by an orc priest

Levels and vault maps discovered:
D:1:      dpeg_arrival_prison, layout_basic, minmay_misc_feat_roman
D:2:      layout_rooms, minitemple,
          nicolae_gozag_cash_rules_everything_around_me, minmay_lizard_pond,
          uniq_jessica
D:3:      layout_rooms, first_ration, minmay_misc_feat_hallway
D:4:      layout_cave_pools, overflow_temple_1_default,
          nicolae_dithmenos_the_darkroom, portal_sewer_entry_f,
          uniq_blork_the_orc, uniq_edmund, uniq_duvessa, uniq_grinder, uniq_ijyb
D:5:      layout_gridville, serial_shops, shop, minmay_shop_damaged,
          uniq_prince_ribbit1

Skill      XL: |  1  2  3  4  5  6  7 |
---------------+----------------------+-----
Ice Magic      | 3 4 5 |  5.2
Dodging        | 4 5 |  5.0
Conjurations   | 3 4 |  4.1
Stealth        | |  2.0
Spellcasting   | |  2.2

Action                   |  1- 3 |  4- 6 |  7- 9 || total
-------------------------+-------+-------+-------++-------
Melee: Dagger            |    79 |    88 |       ||   167
       Kick              |    16 |    22 |       ||    38
       Peck              |    16 |    12 |       ||    28
       Unarmed           |     1 |       |       ||     1
       Morningstar       |       |    21 |       ||    21
 Cast: Freeze            |    24 |    72 |     9 ||   105
       Throw Frost       |       |     8 |       ||     8
 Abil: Fly               |       |     1 |       ||     1
  Use: Scroll            |     4 |     8 |       ||    12
       Potion            |       |     4 |       ||     4
 Stab: Sleeping          |     4 |     7 |       ||    11
  Eat: Chunk             |     3 |     5 |     1 ||     9
       Ration            |       |     1 |       ||     1
Armor: Robe              |    15 |    46 |     2 ||    63
Dodge: Dodged            |    51 |   164 |     5 ||   220

Table legend:
 A = Non-vault XP
 B = Vault XP
 C = Vault XP percentage of total XP
 D = Non-vault monster count
 E = Vault monster count
 F = Vault count percentage of total count
                 A         B        C        D         E       F
            +---------+---------+-------+---------+---------+-------
      Total |     482 |     210 |  30.3 |      91 |      17 |  15.7
            +---------+---------+-------+---------+---------+-------
        D:1 |      54 |       6 |  10.0 |      25 |       3 |  10.7
        D:2 |      95 |      41 |  30.1 |      31 |       5 |  13.9
        D:3 |      58 |       0 |   0.0 |      22 |       0 |   0.0
        D:4 |     275 |       9 |   3.2 |      13 |       3 |  18.8
      Sewer |       0 |     154 | 100.0 |       0 |       6 | 100.0
            +---------+---------+-------+---------+---------+-------
